[Event "*** SCC Grand Prix: Titled Tuesday Blitz"]
[Site "Chess.com"]
[Date "2020.06.02"]
[Round "5"]
[White "fabianvivasz"]
[Black "Klavdia_Nik"]
[Result "1-0"]
[WhiteElo "2283"]
[BlackElo "2054"]
[TimeControl "180+1"]
[EndTime "10:59:19 PDT"]
[Termination "fabianvivasz won on time"]

1. e4 e5 2. Nf3 Nc6 3. d4 exd4 4. Bc4 d6 5. Nxd4 Nf6 6. Nc3 Be7 7. f3 O-O 8. Be3 Bd7 9. Qd2 a6 10. Bb3 Na5 11.
Nd5 Nxb3 12. Nxe7+ Qxe7 13. Nxb3 b6 14. O-O-O a5 15.
Bg5 Qe5 16. Qf4 Qxf4+ 17. Bxf4 Bc6 18. Nd4 Bb7 19. Rhe1 Nd7 20. Nb5 Rac8 21. e5 d5 22. Bg3 Nc5 23. f4 g6 24. Bh4 Ne6 25. Bf6 Rfe8 26. g3 Ba6 27. Nd4 c5 28. Nf3 h6 29.
Rxd5 Bb7 30. c4 Bxd5 31. cxd5 Nd4 32. Nxd4 cxd4+ 33. Kd2 Rc5 34. d6 Rb8 35. Kd3 Kf8 36.
g4 Ke8 37. f5 gxf5 38. gxf5 Kd7 39. Rg1 Kc6 40. Rg7 Rc2 41. Kxc2 1-0

[Event "*** SCC Grand Prix: Titled Tuesday Blitz"]
[Site "Chess.com"]
[Date "2020.06.02"]
[Round "5"]
[White "Anwesh9792"]
[Black "Oleksandr_Bortnyk"]
[Result "0-1"]
[WhiteElo "2723"]
[BlackElo "2963"]
[TimeControl "180+1"]
[EndTime "10:59:20 PDT"]
[Termination "Oleksandr_Bortnyk won by checkmate"]

1. d4 Nf6 2. c4 b6 3. Nc3 Bb7 4.
Nf3 g6 5. Qc2 Bg7 6. e4 d6 7. Be2 O-O 8. O-O Nbd7 9. Rd1 Qe8 10. Bg5 e5 11. d5 a5 12. Nb5 Qc8 13. Nd2 Nc5 14. b3 h6 15. Be3 Rd8 16. a3 c6 17.
dxc6 Bxc6 18. Nc3 Qb7 19. Nd5 Bxd5 20. cxd5 Rac8 21. Qb1 Qd7 22. a4 Ng4 23. Bxg4 Qxg4 24. f3 Qd7 25. Rc1 f5 26. Bxc5 bxc5 27. Nc4 Qc7 28.
Qd3 Rf8 29. Re1 Rb8 30. Na3 Rb4 31. Nb5 Qe7 32. Rac1 fxe4 33. Rxe4 Rxe4 34. Qxe4 Kh7 35. g3 h5 36. Kg2 Bh6 37. Rf1 Qd7 38. Qd3 h4 39.
Na3 h3+ 40. Kg1 Bg7 41. Nc4 e4 42. Qxe4 Bd4+ 43. Kh1 Re8 44. Qh4+ Kg7 45. g4 Re2 46. Qxh3 Qb7 47. Nxd6 Qxd5 48. Ne4 Be5 49. Rf2 Re1+ 50. Kg2 Qxb3 51. g5 Qf7 52. Nxc5 Bd4 53. Rc2 Rg1# 0-1

[Event "*** SCC Grand Prix: Titled Tuesday Blitz"]
[Site "Chess.com"]
[Date "2020.06.02"]
[Round "5"]
[White "MYMChessAcademy"]
[Black "latixxa"]
[Result "1/2-1/2"]
[WhiteElo "2441"]
[BlackElo "2162"]
[TimeControl "180+1"]
[EndTime "10:59:20 PDT"]
[Termination "Game drawn by repetition"]

1. e4 c5 2. Ne2 d6 3. Nbc3 Nf6 4. g3 g6 5. Bg2 Bg7 6. O-O Nc6 7.
d3 Rb8 8. h3 b5 9. f4 Bd7 10. Be3 b4 11. Na4 Qa5 12. c3 O-O 13.
Qc2 Nd8 14. b3 Ne8 15. Nb2 bxc3 16. Nd1 Nc7 17. Ndxc3 Nb5 18. Bd2 Qa6 19. Rac1 Nd4 20. Nxd4 Bxd4+ 21. Kh2 Nc6 22. Nd5 e6 23. Ne3 Nb4 24.
Bxb4 Rxb4 25. Nc4 Rfb8 26. e5 d5 27. Nd6 R4b6 28. h4 Rxd6 29. exd6 Qxd6 30. h5 gxh5 31.
Qe2 f5 32. Qxh5 Be8 33. Qg5+ Bg6 34. Bf3 Qd8 35. Qxd8+ Rxd8 36. Rfe1 Kf7 37. Kg2 Rb8 38. Rh1 Rb6 39. Bh5 Ra6 40. Rc2 Rb6 41. Kf3 a5 42.
Bxg6+ hxg6 43. Rh7+ Kf6 44. Ra7 Rb5 45. g4 fxg4+ 46.
Kxg4 Rb4 47. Rxa5 Be3 48. Ra4 Bd4 49. Rxb4 cxb4 50. Rc6 Bc3 51. Ra6 Bb2 52. Rb6 Ba3 53. Rb5 Ke7 54. Rb6 Kf6 55. Ra6 Bb2 56. Ra5 Ba3 57.
Ra6 Bb2 1/2-1/2

[Event "*** SCC Grand Prix: Titled Tuesday Blitz"]
[Site "Chess.com"]
[Date "2020.06.02"]
[Round "5"]
[White "mbojan"]
[Black "maciek_92"]
[Result "1-0"]
[WhiteElo "2629"]
[BlackElo "2789"]
[TimeControl "180+1"]
[EndTime "10:59:21 PDT"]
[Termination "mbojan won on time"]

1. e4 c5 2. Nf3 Nc6 3. Bb5 g6 4.
Bxc6 bxc6 5. d3 Bg7 6. O-O d6 7. Re1 e5 8. a3 a5 9. Nbd2 Ne7 10. Nc4 O-O 11. Bd2 a4 12. b4 axb3 13. cxb3 f5 14. h3 h6 15. b4 fxe4 16. dxe4 Be6 17.
Rc1 cxb4 18. Bxb4 c5 19. Ba5 Qd7 20. Nb6 Qc6 21. Nxa8 Rxa8 22. Bc3 Rxa3 23. Qd2 Ra4 24. Rcd1 Ra6 25. Ra1 Bf8 26. Rxa6 Qxa6 27. Ra1 Qc6 28. Qd3 c4 29. Qe3 g5 30. Rb1 Ng6 31. Nd2 Nf4 32. Qb6 Qd7 33. Kh2 Nxg2 34. Kxg2 Bxh3+ 35. Kh2 Qg4 36. Rg1 Qh5 37. Rg3 Bf5+ 38.
Kg2 Be6 39. Qe3 Qf7 40. Qf3 Qg6 41. Qe2 g4 42. Nxc4 h5 43. Ne3 Bh6 44. Nf5 Bg5 45.
Bd2 Bf6 46. Kg1 Bxf5 47. exf5 Qxf5 48. Qd3 e4 49. Qxd6 h4 50. Qb8+ Kf7 51. Rg2 Kg6 52. Qg8+ Bg7 53. Bc3 1-0

[Event "*** SCC Grand Prix: Titled Tuesday Blitz"]
[Site "Chess.com"]
[Date "2020.06.02"]
[Round "5"]
[White "elohunter1999"]
[Black "kuban1991"]
[Result "0-1"]
[WhiteElo "2511"]
[BlackElo "2716"]
[TimeControl "180+1"]
[EndTime "10:59:21 PDT"]
[Termination "kuban1991 won by resignation"]

1. e4 e6 2. d4 d5 3. Nc3 Bb4 4. e5 c5 5. a3 Bxc3+ 6. bxc3 Nc6 7. Qg4 g6 8. Nf3 Bd7 9. Qf4 h6 10. h4 Qa5 11. Bd2 c4 12. Be2 Rh7 13. Nh2 O-O-O 14.
Ng4 f5 15. exf6 Rf8 16. Qd6 Rff7 17. Ne5 Rxf6 18. O-O Qc7 19. Qxc7+ Kxc7 20. Ng4 Rf8 21. g3 h5 22. Nh2 Nf6 23. Bf4+ Kc8 24. Bf3 Ne8 25.
Rfe1 Rxf4 26. gxf4 Rf7 27. Kg2 Rxf4 28. Kg3 Rf6 29.
Bg2 Nd6 30. f4 Nf5+ 31. Kh3 Rf8 32. Nf3 e5 33. fxe5 Nfxd4+ 34. Kg3 Nxc2 35. e6 Be8 36. Ng5 Nxa1 37. Rxa1 Kc7 38. Bxd5 b5 39. Be4 Ne7 40. Rd1 a5 41. Rb1 Bc6 42. Bxc6 Kxc6 43. Rd1 Nd5 44. Nh7 Rf5 45. Rxd5 Kxd5 46. e7 Re5 47. e8=Q Rxe8 48. Nf6+ Ke5 49. Nxe8 b4 50. axb4 axb4 51. Nc7 bxc3 52. Nb5 c2 53. Nc3 c1=Q 0-1

[Event "*** SCC Grand Prix: Titled Tuesday Blitz"]
[Site "Chess.com"]
[Date "2020.06.02"]
[Round "5"]
[White "atalz0"]
[Black "Gmedmundo"]
[Result "0-1"]
[WhiteElo "2318"]
[BlackElo "2491"]
[TimeControl "180+1"]
[EndTime "10:59:21 PDT"]
[Termination "Gmedmundo won on time"]

1. d4 Nf6 2. c4 e6 3. Nc3 Bb4 4. Qc2 O-O 5. e4 d5 6. e5 Ne4 7. Bd3 c5 8. Nf3 cxd4 9. Nxd4 Nd7 10. Bxe4 dxe4 11. Qxe4 Bxc3+ 12. bxc3 Qa5 13. O-O Qxe5 14. Qh4 Qf6 15. Bg5 Qg6 16. Be7 Re8 17. Nb5 f6 18. Ba3 Ne5 19. Kh1 Bd7 20. Nc7 Bc6 21. f3 Rac8 22. Nxe8 Rxe8 23. Bd6 Nf7 24. c5 e5 25. Qc4 e4 26. Rae1 h6 27. Re3 Kh7 28. fxe4 Rxe4 29. Rxe4 Bxe4 30. Rf2 Ng5 31. Bg3 Bd5 32. Qf1 Ne4 33. Rf3 Nd2 34. Qd3 Nxf3 35. Qxg6+ Kxg6 36. gxf3 Bxf3+ 37. Kg1 Kf5 38. a3 Ke4 39. Kf2 g5 40.
Bd6 h5 41. Be7 Bd1 42. Bxf6 g4 43. Bd4 Kd3 44. Bf6 a5 45. Bd4 a4 46. Kg3 Kc4 47. Kh4 Kb3 48. c6 bxc6 49. Bc5 Kxc3 50. Kg3 Kc4 51. Be7 c5 52. Kf4 Kd4 53. Bf6+ Kd3 54. Kg5 c4 55. Kxh5 g3+ 56. Kh4 gxh2 0-1

[Event "*** SCC Grand Prix: Titled Tuesday Blitz"]
[Site "Chess.com"]
[Date "2020.06.02"]
[Round "5"]
[White "MF1966Idrisov"]
[Black "beto-betun"]
[Result "1/2-1/2"]
[WhiteElo "2356"]
[BlackElo "2164"]
[TimeControl "180+1"]
[EndTime "10:59:21 PDT"]
[Termination "Game drawn by repetition"]

1. Nf3 Nf6 2. b3 g6 3. Bb2 Bg7 4. c4 O-O 5. g3 d6 6. d4 Nbd7 7. Bg2 c5 8. O-O a6 9. Nc3 cxd4 10. Nxd4 Nc5 11. Rc1 Bd7 12. Nd5 Nxd5 13. Bxd5 Bh3 14. Bg2 Bxg2 15. Kxg2 Rb8 16. e3 Qc7 17. Qe2 Rfe8 18.
h4 h5 19. Rfd1 Rbc8 20. g4 hxg4 21. Qxg4 Qd7 22. Qxd7 Nxd7 23. Rd2 Ne5 24. Nf3 Nxf3 25. Kxf3 Bxb2 26. Rxb2 Kg7 27. Rbc2 Rh8 28. Kg3 b6 29. b4 Rh5 30. Rc3 Rc7 31. a3 Rc8 32. f4 Rc7 33. e4 Rc8 34. Rd1 Rc7 35. Rd5 Rxd5 36. exd5 Kf6 37. Kg4 Rc8 38. Rc2 Rc7 39. Kf3 Rc8 40. Ke4 Rc7 41. Rc1 Rc8 42. Rc2 Rc7 43.
Kd4 Rc8 44. Rh2 Rc7 45. h5 gxh5 46. Rxh5 Rc8 47. Rg5 Rh8 48. c5 bxc5+ 49. bxc5 dxc5+ 50. Kxc5 Rc8+ 51. Kb4 Rc1 52. Rh5 Rb1+ 53. Ka4 Rf1 54. Rh6+ Kf5 55. Rxa6 Kxf4 56. Ra7 Re1 57. Kb5 f5 58. a4 Kg4 59. Ra8 f4 60. Rg8+ Kf3 61. a5 Ke4 62. Rf8 f3 63. d6 Rb1+ 64. Kc6 exd6 65. a6 Ra1 66. Re8+ Kd3 67. Rf8 Ke2 68.
Re8+ Kd3 69. Rf8 Ke2 70. Re8+ Kd3 1/2-1/2

[Event "*** SCC Grand Prix: Titled Tuesday Blitz"]
[Site "Chess.com"]
[Date "2020.06.02"]
[Round "5"]
[White "MuhittinBuker"]
[Black "Funkmaus"]
[Result "0-1"]
[WhiteElo "1919"]
[BlackElo "2191"]
[TimeControl "180+1"]
[EndTime "10:59:21 PDT"]
[Termination "Funkmaus won on time"]

1. c4 c6 2. Nc3 d5 3. d4 Nf6 4. Nf3 dxc4 5. a4 Bf5 6. e3 e6 7.
Bxc4 Bb4 8. O-O O-O 9. h3 Nbd7 10. Nh4 Bg6 11. Nxg6 hxg6 12. Qe2 Re8 13. e4 e5 14. dxe5 Nxe5 15. Bb3 a5 16. Bg5 Qb6 17. Be3 Bc5 18. Bxc5 Qxc5 19. Rac1 Qb4 20. Ba2 Rad8 21. Rfd1 Nh5 22. g3 Qc5 23. Kg2 Qe7 24. Rxd8 Rxd8 25. Rd1 Rxd1 26. Qxd1 Qg5 27. Kh2 Qf6 28. Qe2 Nf3+ 29.
Kg2 Nd4 30. Qd1 c5 31. Bd5 b6 32. Nb5 Qg5 33. Qg4 Qxg4 34. hxg4 Nf6 35. g5 Nd7 36. Nxd4 cxd4 37. Kf1 Kf8 38. Ke2 Ne5 39. f4 Nd7 40.
Kd3 Nc5+ 41. Kxd4 Nxa4 42. b3 Nc5 43. Kc4 Ke7 44. Kb5 Nd7 45. Bc6 Nc5 46. Bd5 Nd7 47. Kc6 f6 48. gxf6+ gxf6 49. Bc4 g5 50. fxg5 fxg5 51.
Bd5 g4 52. Kb5 Kd6 53. Bb7 Kc7 54. Bd5 Ne5 0-1

[Event "*** SCC Grand Prix: Titled Tuesday Blitz"]
[Site "Chess.com"]
[Date "2020.06.02"]
[Round "5"]
[White "jb2mix"]
[Black "mishanick"]
[Result "0-1"]
[WhiteElo "2709"]
[BlackElo "2956"]
[TimeControl "180+1"]
[EndTime "10:59:22 PDT"]
[Termination "mishanick won on time"]

1. e4 c5 2. c3 d5 3. exd5 Qxd5 4. d4 Nf6 5. Nf3 Bg4 6. Be2 e6 7. Na3 Nc6 8. Nb5 Rc8 9. h3 Bh5 10. Bf4 cxd4 11. Nc7+ Rxc7 12. Bxc7 dxc3 13. bxc3 Ba3 14. O-O O-O 15. Rb1 Rc8 16. Rxb7 Nd4 17. Rb8 Nxe2+ 18.
Qxe2 Rxb8 19. Bxb8 Qb7 20. Be5 Nd7 21. Bg3 Bc5 22. Rd1 h6 23. Qd3 Nf6 24. Rb1 Bb6 25. Ne5 Ne4 26. Qd7 Bxf2+ 27. Bxf2 Qxb1+ 28. Kh2 Nxf2 29. Qd8+ Kh7 30. Nd7 Qh1+ 31. Kg3 Ne4+ 32. Kf4 g5+ 33. Kxe4 Qxg2+ 34. Ke5 Qg3+ 35. Kf6 Qxc3+ 36.
Ke7 Qb4+ 37. Kf6 Qf4+ 38. Ke7 Qb4+ 39. Kf6 Qb2+ 40. Ke7 Kg6 41. Nf8+ Kg7 42. Nxe6+ fxe6 43. Qf8+ Kh7 44. Kxe6 Qg7 45. Qf2 Bg6 46. Kd6 h5 47.
a4 Qf7 0-1

[Event "*** SCC Grand Prix: Titled Tuesday Blitz"]
[Site "Chess.com"]
[Date "2020.06.02"]
[Round "5"]
[White "Rish_97"]
[Black "dalmatinac101"]
[Result "0-1"]
[WhiteElo "2634"]
[BlackElo "2859"]
[TimeControl "180+1"]
[EndTime "10:59:22 PDT"]
[Termination "dalmatinac101 won by resignation"]

1. e4 g6 2. d4 d6 3. Nf3 Bg7 4. Bd3 Nf6 5. O-O O-O 6. Re1 Nc6 7. c3 e5 8. h3 Re8 9. Nbd2 a5 10. Nf1 Bd7 11. Ng3 a4 12. Be3 a3 13. b3 exd4 14. cxd4 Nb4 15. Bb1 b6 16. Qd2 c5 17. Bh6 Bh8 18.
e5 dxe5 19. dxe5 Nfd5 20. Ne4 Rxe5 21. Nxe5 Bxe5 22. Bd3 Bxa1 23. Rxa1 Bf5 24. Rd1 Nxd3 25. Qxd3 Qh4 26. Qxd5 Bxe4 27. Qd2 f6 28. Re1 g5 29. Qd7 Qxh6 30. Rxe4 Rf8 31. Qe6+ Kh8 32. Qxb6 Rc8 33. Qa6 Qf8 34. Qxa3 Rd8 35. Qc1 Qd6 36. Qe3 Qd1+ 37. Kh2 Qd6+ 38. g3 Qd2 39. Re8+ Kg7 40. Qe7+ Kg6 41.
Qe4+ Kf7 42. Qe7+ Kg6 43. Qe4+ Kf7 44. Rxd8 Qxd8 45. Qc4+ Kg7 46. Qxc5 Qd2 47. Qe3 Qxa2 48. b4 Qb2 49. Qd4 Qxd4 0-1

[Event "*** SCC Grand Prix: Titled Tuesday Blitz"]
[Site "Chess.com"]
[Date "2020.06.02"]
[Round "5"]
[White "stoleriu"]
[Black "Matibar"]
[Result "0-1"]
[WhiteElo "2535"]
[BlackElo "2699"]
[TimeControl "180+1"]
[EndTime "10:59:22 PDT"]
[Termination "Matibar won by resignation"]

1. e4 g6 2. d4 Bg7 3. Nc3 c6 4. Be3 b5 5. Bd3 d6 6. Nce2 Bb7 7. h4 h5 8. Nh3 a6 9. c3 Nd7 10. Ng5 c5 11. Qd2 Ngf6 12. f3 e5 13. O-O O-O 14. Rad1 Qe7 15. Bb1 Rad8 16. b4 Nb6 17. dxe5 dxe5 18.
Bxc5 Rxd2 19. Bxe7 Rxe2 20. Bxf8 Bxf8 21. Rd8 Nc4 22. Bd3 Rd2 23. Nxf7 Rxd3 24. Rxd3 Kxf7 25. Kf2 Be7 26. Ra1 Bc6 27. Kg3 Ke6 28. Kf2 Nd7 29.
Kg3 Ndb6 30. Kh3 Nb2 31. Rd2 N6c4 32. Rc2 Nd3 33. g3 Ndb2 34. Rg1 Kf7 35. Re1 Bd7+ 36. Kg2 Bd8 37. Ree2 Nd1 38. Rcd2 Nxd2 39. Rxd2 Ne3+ 40. Kf2 Ke7 41. Kxe3 Bb6+ 42. Ke2 Be6 43. a3 Bc4+ 44. Ke1 Be3 45. Rc2 Kf6 46. Rg2 Bc1 47. Kd1 Be3 48.
Kc2 g5 49. hxg5+ Kxg5 50. Rh2 Bg1 51. Rg2 Be3 52. Rh2 Kg6 53. Rg2 Bg5 54. Rh2 Be7 55.
Rg2 Bd8 56. Rh2 Bb6 57. Rg2 Be3 58. Rh2 Bf1 59. Kb3 Kg5 60. a4 Bc4+ 61. Ka3 Bc1+ 0-1

[Event "*** SCC Grand Prix: Titled Tuesday Blitz"]
[Site "Chess.com"]
[Date "2020.06.02"]
[Round "5"]
[White "Papa12341234"]
[Black "Revnov"]
[Result "1-0"]
[WhiteElo "2543"]
[BlackElo "2682"]
[TimeControl "180+1"]
[EndTime "10:59:22 PDT"]
[Termination "Papa12341234 won on time"]

1. e4 e5 2. Nf3 d6 3. Bc4 Nf6 4. Nc3 Be7 5. d4 exd4 6. Nxd4 O-O 7. Bb3 Re8 8. O-O Nbd7 9. Re1 Nc5 10. Bc4 c6 11. a4 Bf8 12. f3 d5 13. exd5 Rxe1+ 14. Qxe1 cxd5 15. Bf1 Bd7 16. Be3 a6 17. Qf2 Qc7 18.
Bg5 Qb6 19. b3 h6 20. Bxf6 Qxf6 21. Nxd5 Qe5 22. Nc3 Ne6 23. Nce2 Rc8 24. Kh1 h5 25. Rd1 h4 26. f4 Qf6 27. Nf3 Be8 28. c4 Be7 29. Ne5 Bc5 30. Qf3 Bc6 31. Nxc6 bxc6 32. Nc3 Qxf4 33. Qxf4 Nxf4 34. Ne4 Bf8 35. g3 hxg3 36.
hxg3 Ng6 37. Rd7 Rb8 38. c5 Ne5 39. Ra7 Rxb3 40. Rxa6 Re3 41. Bg2 g6 42. Ra7 Ng4 43.
Nd2 Bxc5 44. Rc7 Rxg3 45. Rxc6 Bd4 46. Rc4 Nf2+ 47. Kh2 Rd3 48. Nf3 Be3 49. Kg3 Ra3 50. Bf1 f5 51. Be2 Ne4+ 52. Kg2 Kg7 53. Ne5 Ra2 54. Kf3 Bg5 55. Rc7+ Kf6 56. Nd7+ Ke6 57. Bc4+ Kd6 58. Bxa2 Kxc7 59. Ne5 Nd2+ 60. Ke2 Ne4 61.
Nxg6 1-0

[Event "*** SCC Grand Prix: Titled Tuesday Blitz"]
[Site "Chess.com"]
[Date "2020.06.02"]
[Round "5"]
[White "TigrVShlyape"]
[Black "PavelShkapenko"]
[Result "1/2-1/2"]
[WhiteElo "2876"]
[BlackElo "2647"]
[TimeControl "180+1"]
[EndTime "10:59:23 PDT"]
[Termination "Game drawn by repetition"]

1. d4 Nf6 2. Nf3 e6 3. Bf4 c5 4. e3 b6 5. Nbd2 Bb7 6. h3 cxd4 7. exd4 a6 8. a4 d6 9. Bd3 Be7 10. O-O O-O 11. Re1 Nbd7 12. a5 b5 13. c4 bxc4 14. Nxc4 d5 15. Nce5 Nxe5 16. Nxe5 Nd7 17. Qb3 Nxe5 18. Bxe5 Qd7 19. Rec1 Rfc8 20. Qd1 Rxc1 21.
Rxc1 Rc8 22. Rxc8+ Qxc8 23. Qb1 h6 24. b4 Qc3 25. b5 Qxa5 26. bxa6 Bxa6 27. Qb8+ Bf8 28.
Bd6 Bxd3 29. Qxf8+ Kh7 30. Qxf7 Qe1+ 31. Kh2 Bg6 32. Qf8 Qa5 33. Qe7 Qa8 34. Qxe6 Qg8 35. Qg4 Qf7 36. Qg3 Qf5 37. Be5 Qg5 38. Qxg5 hxg5 39. Kg3 Bd3 40. Bd6 Kg6 41. f3 Bc4 42.
Be7 Bb5 43. Kf2 Ba6 44. g4 Bb5 45. Kg3 Ba4 46. f4 gxf4+ 47. Kxf4 Bb3 48. h4 Bc2 49.
h5+ Kf7 50. Bd6 Bd1 51. Be5 Be2 52. Kg5 Bd1 53. Kh4 Be2 54. g5 g6 55. h6 Kg8 56.
Kg3 Kh7 57. Kf4 Bd3 58. Bf6 Be4 59. Ke5 Bg2 60. Ke6 Be4 61. Kf7 Bg2 62. Bg7 Be4 63.
Kf6 Bg2 64. Kf7 Be4 65. Kf6 Bg2 66. Kf7 1/2-1/2

[Event "*** SCC Grand Prix: Titled Tuesday Blitz"]
[Site "Chess.com"]
[Date "2020.06.02"]
[Round "5"]
[White "Artem_Koval"]
[Black "RianKapriaga"]
[Result "1-0"]
[WhiteElo "2394"]
[BlackElo "2186"]
[TimeControl "180+1"]
[EndTime "10:59:23 PDT"]
[Termination "Artem_Koval won on time"]

1. e4 e5 2. d4 exd4 3. Bc4 Nc6 4. Nf3 Bc5 5. O-O d6 6. c3 dxc3 7. Nxc3 Nge7 8. Na4 Bb6 9. Nxb6 axb6 10. Bb3 O-O 11. Bg5 Be6 12. Bc2 h6 13. Bh4 Qd7 14. a3 Ng6 15.
Bg3 Bg4 16. Qd3 Bxf3 17. Qxf3 Nd4 18. Qd3 Nxc2 19. Qxc2 Rfe8 20. h3 Re7 21. f3 Qc6 22. Qe2 Qc5+ 23. Kh2 Rae8 24. Rac1 Qh5 25. Qd2 Qg5 26.
Qf2 Nf4 27. Bh4 Qe5 28. Bg3 Qf6 29. Rc3 g5 30. Rfc1 c6 31. Qd2 Re6 32. Bxf4 gxf4 33. Qf2 Kh7 34. Qxb6 Rg8 35. Qxb7 Rg7 36. Qxc6 Qh4 37.
R3c2 Qg3+ 38. Kh1 Reg6 39. Qc3 Qh4 40. Qe1 Rg3 41. Qg1 Rxh3+ 42. gxh3 Rxg1+ 43. Rxg1 Qxh3+ 44. Rh2 Qxf3+ 45. Rhg2 Qxe4 46. Kh2 h5 47. Rg7+ Kh6 48. Rxf7 Qc2+ 49. Rg2 1-0

[Event "*** SCC Grand Prix: Titled Tuesday Blitz"]
[Site "Chess.com"]
[Date "2020.06.02"]
[Round "5"]
[White "Panterov"]
[Black "Cocaino74"]
[Result "1-0"]
[WhiteElo "2129"]
[BlackElo "2303"]
[TimeControl "180+1"]
[EndTime "10:59:23 PDT"]
[Termination "Panterov won on time"]

1. e4 c5 2. b3 g6 3. Bb2 Nf6 4. e5 Nd5 5. c4 Nc7 6. e6 f6 7.
exd7+ Qxd7 8. Nf3 e5 9. Nc3 Nc6 10. Be2 Bg7 11. O-O b6 12. d3 Bb7 13. Nd2 Nd4 14.
Nce4 O-O-O 15. Bxd4 Qxd4 16. b4 cxb4 17. Qa4 f5 18. Ng3 Qc3 19. Qxa7 Qxd2 20. Qxb6 e4 21. Rad1 Qxa2 22. dxe4 f4 23. Bg4+ Kb8 24. Ne2 b3 25. e5 Bxe5 26. Bf3 Qa6 27. Qxb3 Ka8 28. Nc3 Bxf3 29. Ra1 Bb7 30. Rxa6+ Nxa6 31. Rb1 Rd7 32. Na4 Bd4 33. c5 Bxc5 34. Nxc5 Nxc5 35. Qb5 Rc8 36.
h4 Rd5 37. Rc1 Kb8 38. Qb6 Nd7 39. Rxc8+ Kxc8 40. Qe6 Rd1+ 41. Kh2 f3 42. Qc4+ Kb8 43. gxf3 Rd5 44. Qf4+ Kc8 45. Qf7 Rf5 46. Qg8+ Kc7 47. f4 Kd6 48. Qxh7 Nf6 49. Qxg6 Ke6 50. Kg3 1-0

[Event "*** SCC Grand Prix: Titled Tuesday Blitz"]
[Site "Chess.com"]
[Date "2020.06.02"]
[Round "5"]
[White "VitaliyBernadskiy"]
[Black "OhanyanEminChess"]
[Result "0-1"]
[WhiteElo "2672"]
[BlackElo "2445"]
[TimeControl "180+1"]
[EndTime "10:59:24 PDT"]
[Termination "OhanyanEminChess won by resignation"]

1. d4 Nf6 2. c4 c5 3. Nf3 cxd4 4. Nxd4 Nc6 5. Nc3 e6 6. a3 d5 7. cxd5 Nxd5 8. Nxc6 bxc6 9. Bd2 Be7 10. e4 Nxc3 11. Bxc3 O-O 12. Bc4 Qc7 13. O-O e5 14. Qh5 Bf6 15. f4 g6 16. Qf3 Be6 17. Bxe6 fxe6 18. f5 exf5 19. exf5 Bg7 20. Qe4 Rxf5 21. Rxf5 gxf5 22.
Qxf5 Rf8 23. Qe6+ Qf7 24. Qxf7+ Kxf7 25. Kf2 Ke6+ 26. Ke2 Rf4 27. Rd1 Bf6 28. Rd3 Re4+ 29. Kf2 Rf4+ 30. Ke2 Re4+ 31. Re3 Rxe3+ 32. Kxe3 Kd5 33.
g4 Bg5+ 34. Kd3 e4+ 35. Ke2 Kc4 36. Bd2 Bxd2 37. Kxd2 Kb3 38. Kc1 e3 39. h4 e2 40.
Kd2 Kxb2 41. g5 c5 42. h5 c4 43. g6 c3+ 44. Kxe2 hxg6 45. hxg6 c2 46. g7 c1=Q 47.
g8=Q Qc2+ 48. Ke1 Qc3+ 49. Ke2 a5 50. Qf8 Qxa3 51. Qf6+ Qc3 52. Qb6+ Ka2 53. Kd1 a4 54. Qf2+ Qb2 55. Qf4 a3 56. Qc4+ Qb3+ 57. Qxb3+ Kxb3 58. Kc1 a2 0-1

[Event "*** SCC Grand Prix: Titled Tuesday Blitz"]
[Site "Chess.com"]
[Date "2020.06.02"]
[Round "5"]
[White "JesseKraai"]
[Black "kleinebeer98"]
[Result "1-0"]
[WhiteElo "2443"]
[BlackElo "2645"]
[TimeControl "180+1"]
[EndTime "10:59:24 PDT"]
[Termination "JesseKraai won by resignation"]

1. d4 d5 2. c4 Nc6 3. Nc3 Nf6 4. Nf3 dxc4 5. d5 Na5 6. e4 c6 7. dxc6 Qxd1+ 8. Kxd1 Nxc6 9. Bxc4 Bg4 10. Be3 a6 11. Ke2 e6 12. h3 Bh5 13. g4 Bg6 14. Nd2 Bb4 15. f3 h5 16. Rac1 Rc8 17. g5 Nd7 18. a3 Be7 19. Ba2 O-O 20. Rhd1 Rfd8 21. Nc4 Nf8 22. h4 f6 23. Nb6 Rb8 24. Nca4 Kf7 25. Nc5 Rxd1 26. Rxd1 fxg5 27. hxg5 h4 28.
Rh1 Rd8 29. Rxh4 Nd4+ 30. Bxd4 Rxd4 31. Nd3 Bxg5 32. Rh8 Bf6 33. Nc4 Ke7 34. Nce5 Be8 35. Ke3 Rd8 36. f4 Bb5 37. Nc5 b6 38. Ncd3 Bxd3 39. Nxd3 Bd4+ 40. Ke2 Bf6 41. e5 Rc8 42. exf6+ gxf6 43. Kd2 Kd6 44. Rh5 Ng6 45. f5 Ne5 46.
Nxe5 fxe5 47. fxe6 Rg8 48. Rh7 Rg2+ 49. Kc1 Rg1+ 50.
Kc2 Rg2+ 51. Kc3 Rg3+ 52. Kd2 Rg2+ 53. Ke3 Rg3+ 54. Kf2 Rg8 55. Rd7+ Kc5 56. e7 Re8 57. Bf7 1-0

[Event "*** SCC Grand Prix: Titled Tuesday Blitz"]
[Site "Chess.com"]
[Date "2020.06.02"]
[Round "5"]
[White "louis198"]
[Black "Reinaldovera"]
[Result "1-0"]
[WhiteElo "2460"]
[BlackElo "2235"]
[TimeControl "180+1"]
[EndTime "10:59:24 PDT"]
[Termination "louis198 won on time"]

1. d4 d5 2. Bf4 Nf6 3. e3 e6 4.
Nf3 Bd6 5. Bg3 O-O 6. Bd3 c5 7. c3 Qc7 8. Ne5 Nbd7 9. f4 Ne4 10. Bxe4 dxe4 11. Nd2 cxd4 12. cxd4 f6 13. Nxd7 Bxd7 14.
Nxe4 Bb4+ 15. Kf2 Bc6 16. Nc3 Qa5 17. Qb3 Bxc3 18. Qxc3 Qd5 19. Rhg1 Rac8 20. Qa3 Qe4 21. Rac1 Bd5 22. Rc3 Rc6 23. Rxc6 Bxc6 24. Qc3 Rc8 25. Rc1 Qxg2+ 26. Ke1 Kf7 27. Qd2 Qh1+ 28. Kf2 Qg2+ 29. Ke1 Qg1+ 30. Ke2 Bf3+ 31. Kxf3 Qxc1 32. Qb4 Qc6+ 33.
Kf2 f5 34. Bh4 Qd7 35. a3 Rc2+ 36. Kg3 b6 37. Kh3 Qb7 38. Bg3 h6 39. Qd6 g5 40.
fxg5 hxg5 41. d5 Qxd5 42. Qxd5 exd5 43. Be5 Re2 44. Bd4 Kg6 45. Kg3 a5 46. h3 a4 47.
Kf3 Rc2 48. Kg3 b5 49. Kf3 Rc4 50. Bc3 f4 51. exf4 Rxf4+ 52. Kg3 Kf5 53. Bd2 Re4 54. Kf3 d4 55. Bxg5 1-0

[Event "*** SCC Grand Prix: Titled Tuesday Blitz"]
[Site "Chess.com"]
[Date "2020.06.02"]
[Round "5"]
[White "Sharpchess22"]
[Black "Poghosyan_Suren"]
[Result "1-0"]
[WhiteElo "2743"]
[BlackElo "2438"]
[TimeControl "180+1"]
[EndTime "10:59:25 PDT"]
[Termination "Sharpchess22 won by resignation"]

1. d4 Nf6 2. Nf3 b6 3. c4 Bb7 4. g3 g6 5. Bg2 Bg7 6. O-O O-O 7. Re1 e6 8. Bg5 d5 9. Qc1 dxc4 10. Qxc4 Nc6 11. Nc3 h6 12. Bxf6 Qxf6 13. Rad1 Rad8 14. e3 Na5 15. Qe2 Qe7 16. Rc1 c5 17. dxc5 Qxc5 18. Nb5 Qh5 19. Nxa7 Rd7 20. Nb5 Rfd8 21. b3 Ba6 22. Bf1 Rd5 23. a4 Nxb3 24. Rcd1 Nc5 25. Rxd5 Qxd5 26. Nfd4 Bxd4 27. exd4 Nxa4 28. Rc1 Bxb5 29.
Qxb5 Qxd4 30. Rc4 Qb2 31. Qxa4 b5 32. Qa5 Rd1 33. Rc8+ Kg7 34. Qc3+ Qxc3 35. Rxc3 b4 36. Rb3 Rd4 37. Kg2 e5 38. Be2 f5 39. Kf3 Kf6 40.
Ke3 g5 41. f3 Ke7 42. Bd3 Ke6 43. Ke2 e4 44. fxe4 fxe4 45. Bc2 Ke5 46. Rb1 Rc4 47.
Bb3 Rc3 48. Rb2 Kd4 49. Bg8 Re3+ 50. Kf2 Rf3+ 51. Kg2 Kc3 52. Rb3+ Kc2 53. Rxf3 exf3+ 54. Kxf3 b3 55. Kg4 b2 56. Kh5 Kc3 57. Bh7 Kd2 58. Kxh6 Ke3 59. Kxg5 1-0

[Event "*** SCC Grand Prix: Titled Tuesday Blitz"]
[Site "Chess.com"]
[Date "2020.06.02"]
[Round "5"]
[White "gahryman"]
[Black "hellokostya"]
[Result "1/2-1/2"]
[WhiteElo "2682"]
[BlackElo "2439"]
[TimeControl "180+1"]
[EndTime "10:59:25 PDT"]
[Termination "Game drawn - insufficient material"]

1. e4 Nc6 2. Nf3 d6 3. d4 Nf6 4. Nc3 g6 5. Be2 Bg7 6. O-O O-O 7. d5 Nb8 8. h3 Nbd7 9. Re1 Nc5 10. Bf1 e6 11.
dxe6 fxe6 12. e5 dxe5 13. Qxd8 Rxd8 14. Nxe5 Nd5 15. Bg5 Re8 16. Nb5 a6 17. Nd4 b6 18.
Ndc6 Nd7 19. Rad1 Nxe5 20. Nxe5 Bb7 21. c4 Nf6 22. g3 Ne4 23. Bf4 g5 24. Bg2 gxf4 25.
Bxe4 Bxe4 26. Rxe4 fxg3 27. Rg4 Rad8 28. Re1 gxf2+ 29.
Kxf2 Rf8+ 30. Ke3 Rf5 31. Nf3 h6 32. b3 Kh7 33. Re4 Rdf8 34. Nd2 Be5 35. Kd3 Rd8+ 36. Kc2 Bf4 37. Nf3 e5 38. Nxe5 Bxe5 39. Rxe5 Rf2+ 40. R1e2 Rxe2+ 41. Rxe2 Kg6 42. Re6+ Kg5 43. Rc6 Rd7 44.
b4 h5 45. Re6 Kh4 46. Re3 c5 47. b5 axb5 48. cxb5 Rd4 49. a3 Ra4 50. Kb3 Rf4 51. Re6 Rf3+ 52. Kc4 Kxh3 53. Rxb6 Rxa3 54. Rh6 h4 55.
Kxc5 Rb3 56. b6 Kg3 57. Kc6 h3 58. b7 Kg2 59. Kc7 Rxb7+ 60. Kxb7 h2 61. Rxh2+ Kxh2 1/2-1/2